 Dungeon Crawl Stone Soup version 0.23.0 (webtiles) character file.

Game seed: 229721945563760760

4450 Lavandula the Grappler (level 10, -2/100 HPs)
             Began as a Troll Hunter on Feb 16, 2019.
             Was an Initiate of Gozag.
             Killed from afar by an oklob plant (3 damage)
             ... with a splash of acid
             ... created by the enmity of Fedhas Madash
             ... on level 7 of the Dungeon.
             The game lasted 00:15:15 (4356 turns).

Lavandula the Grappler (Troll Hunter)               Turns: 4356, Time: 00:15:16

Health: -2/100     AC: 10    Str: 25      XL:     10   Next: 15%
Magic:  9/9        EV: 12    Int:  7      God:    Gozag
Gold:   269        SH:  0    Dex:  9 (10) Spells: 9/9 levels left

rFire    + . .     SeeInvis +     - Unarmed
rCold    + . .     Gourm    +   (no shield)
rNeg     . . .     Faith    .   t - +2 robe {rC+ rF+}
rPois    .         Spirit   .   (helmet restricted)
rElec    .         Reflect  .   g - +1 cloak
rCorr    .         Harm     .   (gloves unavailable)
MR       .....     Rnd*Tele +   (boots unavailable)
Stlth    +.........             (no amulet)
HPRegen  0.66/turn              k - ring of teleportation (curse)
MPRegen  0.11/turn              b - ring of see invisible

@: no status effects
A: large, unfitting armour, claws 3, fast metabolism 3, gourmand, regeneration
1, shaggy fur 1, tough skin 3
a: Potion Petition, Call Merchant, Bribe Branch, Renounce Religion


You were on level 7 of the Dungeon.
You worshipped Gozag.
Gozag was aware of your devotion.
You were not hungry.

You visited 1 branch of the dungeon, and saw 8 of its levels.

You collected 1053 gold pieces.
You paid 784 gold pieces to Gozag.

Inventory:

Missiles
 c - 4 large rocks
 d - 2 throwing nets
 l - 3 tomahawks (quivered)
 A - 4 javelins
Armour
 g - a +1 cloak (worn)
 m - a +0 robe of positive energy
 t - a +2 robe of resistance (worn)
Jewellery
 b - a ring of see invisible (right claw)
 h - an uncursed ring of protection from cold
 k - a cursed ring of teleportation (left claw)
 C - an uncursed ring of positive energy
 G - a +4 ring of evasion {unknown}
Wands
 E - a wand of paralysis (7)
Scrolls
 j - 9 scrolls of identify {unknown}
 o - a scroll of immolation {unknown}
 q - a scroll of remove curse {unknown}
 s - a scroll of fear {unknown}
 v - a scroll of random uselessness {unknown}
 w - a scroll of noise {unknown}
 y - a scroll of blinking {unknown}
 z - 4 scrolls of teleportation {unknown}
 B - 3 scrolls of enchant armour {unknown}
Potions
 a - 2 potions of heal wounds {unknown}
 e - 2 potions of degeneration {unknown}
 i - 2 potions of haste {unknown}
 n - 3 potions of flight {unknown}
 p - 2 potions of curing {unknown}
 r - a potion of mutation {unknown}
 u - a potion of magic {unknown}
 x - a potion of brilliance {unknown}
 D - a potion of might {unknown}
 F - 2 potions of ambrosia {unknown}
Comestibles
 f - 6 rations


   Skills:
 - Level 6.5 Fighting
 - Level 3.6 Throwing
 + Level 6.2 Dodging
 - Level 0.3 Stealth
 - Level 10.4 Unarmed Combat


You had 9 spell levels left.
You didn't know any spells.
Your spell library was empty.

Dungeon Overview and Level Annotations

Branches:
Dungeon (8/15)             Temple (0/1) D:5
   Lair: D:8-11

Altars:
Fedhas
Gozag
Ru
Zin

Annotations:
D:4 exclusion: 2 oklob plants
D:7 exclusion: 4 oklob plants, Grum
D:8 exclusion: 2 oklob plants, Monsterracer's ghost, novice OgCK


Innate Abilities, Weirdness & Mutations

You are too large for most types of armour.
You have claws for hands.
Your metabolism is lightning-fast.
You like to eat raw meat.
Your natural rate of healing is unusually fast.
You are covered in fur. (AC +1)
You have extremely tough skin. (AC +3)


Message History

Unknown command.
Unknown command.
The wandering mushroom misses you. The oklob plant spits acid at you.
Fedhas protects a plant from harm. x2
The splash of acid hits you!
You are splashed with acid!
* * * LOW HITPOINT WARNING * * *
Unknown command.
The oklob plant spits acid at you. The splash of acid hits you!
* * * LOW HITPOINT WARNING * * *
You are splashed with acid!
* * * LOW HITPOINT WARNING * * *
The wandering mushroom releases spores at you.
* * * LOW HITPOINT WARNING * * *
You are engulfed in a cloud of spores!
The oklob plant spits acid at you. The splash of acid hits you.
You die...
Your body crumbles into a pile of gold.

#.....#### ..
##.......## .#
#...(....# .#
##..###..# .#
##.#....## .#
####....#..######.#
..................#
≈≈≈≈≈≈≈≈≈≈≈≈≈≈≈≈..#
≈≈≈≈≈≈≈≈≈≈≈≈≈≈≈≈@f#
≈####.....####≈≈.P#
≈#..#8###8#..#≈≈.##
≈##.###g###.##≈≈.#
≈#...........#≈≈P#
≈###.##'##.###≈≈P#
≈..#.#...#.#..≈≈P#
≈.##.'...'.##)≈≈.#
≈.#..#...#..#.≈≈.#


You could see 4 oklob plants and a wandering mushroom.

Vanquished Creatures
  The ghost of Uhlv the Grappler, a novice TrBe of Trog (D:7)
  Maurice (D:8)
  Prince Ribbit (D:5)
  Menkaure (D:5)
  Duvessa (D:5)
  An orc warrior (D:7)
  A black bear (D:7)
  4 ice beasts
  A sky beast (D:7)
  2 ogres
  2 phantoms
  A wolf (D:7)
  3 centaurs
  A gnoll sergeant (D:7)
  5 bullfrogs
  Dowan (D:5)
  3 scorpions
  4 wights (D:6)
  4 crimson imps
  4 hounds
  5 quasits (D:8)
  A bullfrog zombie (D:7)
  2 jellies
  4 orc wizards
  A centaur skeleton (D:4)
  3 iguanas
  Natasha (twice) (D:3)
  3 worker ants
  A hound zombie (D:7)
  A hound skeleton (D:6)
  A worker ant zombie (D:7)
  4 gnolls (D:7)
  7 adders
  An adder zombie (D:6)
  An adder skeleton (D:6)
  4 worms
  2 dart slugs (D:2)
  4 leopard geckos
  14 orcs
  3 ball pythons
  6 giant cockroaches
  11 goblins
  7 hobgoblins
  A jackal (D:8)
  13 kobolds
  7 quokkas
  7 bats
  4 frilled lizards
  A leopard gecko skeleton (D:5)
  A quokka skeleton (D:5)
  11 rats
175 creatures vanquished.

Vanquished Creatures (others)
  7 plants
7 creatures vanquished.

Grand Total: 182 creatures vanquished

Notes
Turn   | Place    | Note
-------+----------+-------------------------------------------
     0 | D:1      | Lavandula the Troll Hunter began the quest for the Orb.
     0 | D:1      | Reached XP level 1. HP: 19/19 MP: 0/0
    51 | D:1      | Reached skill level 1 in Unarmed Combat
    87 | D:1      | Reached XP level 2. HP: 27/27 MP: 1/1
   169 | D:1      | Reached skill level 2 in Unarmed Combat
   553 | D:1      | Reached XP level 3. HP: 31/33 MP: 2/2
   801 | D:2      | Reached skill level 3 in Unarmed Combat
   866 | D:2      | Found a blossoming altar of Fedhas.
   882 | D:2      | Became a worshipper of Fedhas Madash
  1161 | D:2      | Found a faded altar of an unknown god.
  1165 | D:2      | Reached XP level 4. HP: 36/41 MP: 3/3
  1170 | D:2      | Fell from the grace of Fedhas
  1170 | D:2      | Became a worshipper of Gozag Ym Sagoz the Greedy
  1175 | D:2      | fug :D
  1448 | D:3      | Noticed Natasha
  1575 | D:2      | Reached skill level 4 in Unarmed Combat
  1587 | D:3      | Killed Natasha
  1635 | D:3      | Reached XP level 5. HP: 32/48 MP: 4/4
  1638 | D:3      | Reached skill level 5 in Unarmed Combat
  1718 | D:3      | Noticed Natasha
  1798 | D:3      | Found a glowing silver altar of Zin.
  1799 | D:3      | Noticed an angel
  2064 | D:3      | Killed Natasha
  2208 | D:4      | Reached XP level 6. HP: 60/61 MP: 5/5
  2242 | D:4      | Noticed an oklob plant
  2242 | D:4      | Noticed an oklob plant
  2242 | D:4      | Noticed a wandering mushroom
  2242 | D:4      | Noticed a wandering mushroom
  2242 | D:4      | Noticed a wandering mushroom
  2242 | D:4      | Noticed a wandering mushroom
  2242 | D:4      | Noticed a wandering mushroom
  2466 | D:5      | Entered Level 5 of the Dungeon
  2468 | D:5      | Noticed Prince Ribbit
  2493 | D:5      | Reached XP level 7. HP: 71/71 MP: 6/6
  2522 | D:5      | Noticed Duvessa
  2522 | D:5      | Noticed Dowan
  2533 | D:5      | Killed Duvessa
  2533 | D:5      | Reached skill level 5 in Fighting
  2544 | D:5      | Killed Dowan
  2567 | D:5      | Found a staircase to the Ecumenical Temple.
  2567 | D:5      | Noticed Menkaure
  2576 | D:5      | Killed Menkaure
  2718 | D:5      | Killed Prince Ribbit
  2718 | D:5      | Reached XP level 8. HP: 49/84 MP: 7/7
  2781 | D:5      | Reached skill level 6 in Unarmed Combat
  3177 | D:6      | Reached skill level 7 in Unarmed Combat
  3181 | D:6      | Found a sacrificial altar of Ru.
  3345 | D:6      | Reached skill level 8 in Unarmed Combat
  3532 | D:7      | Reached XP level 9. HP: 70/92 MP: 8/8
  3533 | D:7      | Reached skill level 9 in Unarmed Combat
  3828 | D:7      | Reached skill level 10 in Unarmed Combat
  3936 | D:7      | Found a transporter.
  3947 | D:7      | Found a transporter.
  3956 | D:7      | Identified the cursed ring "Mohaytt" {rPois rN+ MR- Str-3
                  | Int+4}
  3957 | D:7      | Noticed Grum
  3962 | D:7      | Noticed Uhlv's ghost (novice TrBe)
  3975 | D:7      | Killed Uhlv's ghost
  4122 | D:8      | Noticed Maurice
  4124 | D:8      | Reached skill level 5 in Dodging
  4136 | D:8      | Killed Maurice
  4136 | D:8      | Reached XP level 10. HP: 73/100 MP: 9/9
  4189 | D:8      | Found a transporter.
  4191 | D:8      | Noticed Monsterracer's ghost (novice OgCK)
  4198 | D:8      | Noticed an oklob plant
  4198 | D:8      | Noticed an oklob plant
  4202 | D:8      | Found a transporter.
  4354 | D:7      | Noticed an oklob plant
  4354 | D:7      | Noticed an oklob plant
  4354 | D:7      | Noticed an oklob plant
  4354 | D:7      | Noticed an oklob plant
  4356 | D:7      | HP: 1/100 [wandering mushroom[the enmity of Fedhas Madash]
                  | (6)]
  4356 | D:7      | Killed from afar by an oklob plant

Skill      XL: |  1  2  3  4  5  6  7  8  9 10 |
---------------+-------------------------------+-----
Unarmed Combat | 1 2 3 4 5 8 10 | 10.4
Fighting       | 3 4 6 |  6.5
Dodging        | 5 6 |  6.2
Throwing       | |  3.6
Stealth        | |  0.3

Action                   |  1- 3 |  4- 6 |  7- 9 | 10-12 || total
-------------------------+-------+-------+-------+-------++-------
Melee: Unarmed           |   135 |   131 |   201 |    41 ||   508
       Punch             |     2 |     4 |     6 |     1 ||    13
Throw: Large rock        |       |       |     4 |       ||     4
Invok: Potion Petition   |       |       |     1 |     1 ||     2
 Stab: Sleeping          |     3 |     2 |     2 |       ||     7
       Invisible         |       |       |       |     2 ||     2
       Distracted        |       |       |       |     1 ||     1
  Eat: Chunk             |    11 |       |       |       ||    11
       Ration            |       |     3 |     4 |     1 ||     8
Armor: Robe              |    45 |    37 |    64 |    43 ||   189
Dodge: Dodged            |    71 |    67 |   109 |    61 ||   308
